 Dungeon Sprint DCSS version 0.23-a0-807-gd38242e (webtiles) character file.

155 Lanoc the Grappler (level 5, 0/55 HPs)
             Began as a Troll Monk on Jan 20, 2019.
             Was a Believer of Cheibriados.
             Slain by a troll (8 damage)
             ... in the Dungeon (Sprint IX: "|||||||||||||||||||||||||||||").
             The game lasted 00:00:50 (128 turns).

Lanoc the Grappler (Troll Monk)                      Turns: 128, Time: 00:00:51

Health: 0/55       AC:  8    Str: 24    XL:     5   Next: 14%
Magic:  4/4        EV: 13    Int: 13    God:    Cheibriados [**....]
Gold:   0          SH:  0    Dex: 16    Spells: 4/4 levels left

rFire    . . .     SeeInvis .     - Unarmed
rCold    . . .     Gourm    +   (no shield)
rNeg     . . .     Faith    .   a - +0 robe
rPois    .         Spirit   .   (helmet restricted)
rElec    .         Reflect  .   (no cloak)
rCorr    .         Harm     .   (gloves unavailable)
MR       .....     NoTele   +   (boots unavailable)
Stlth    ++........             (no amulet)
HPRegen  0.58/turn              m - +2 ring of protection
MPRegen  0.09/turn              n - +3 ring of intelligence

@: very slow
A: large, unfitting armour, claws 3, fast metabolism 3, gourmand, regeneration
1, shaggy fur 1, tough skin 3
a: Bend Time, Renounce Religion


You were in the Dungeon.
You worshipped Cheibriados.
Cheibriados was pleased with you.
You were very full.

You visited 1 branch

Inventory:

Hand Weapons
 l - a +2 scimitar of flaming
Armour
 a - a +0 robe (worn)
Jewellery
 m - a +2 ring of protection (left claw)
 n - a +3 ring of intelligence (right claw)
Wands
 k - a wand of iceblast (10)
Scrolls
 h - 2 scrolls of blinking
 i - 3 scrolls of remove curse
 j - 2 scrolls of amnesia
Potions
 c - 5 potions of curing
 d - 3 potions of heal wounds
 e - a potion of haste
 f - 4 potions of magic
 g - a potion of invisibility
Comestibles
 b - 2 rations


   Skills:
 + Level 4.9 Fighting
 + Level 4.9 Dodging
 - Level 1.0 Stealth
 * Level 8.0 Unarmed Combat


You had 4 spell levels left.
You didn't know any spells.
Your spell library was empty.

Dungeon Overview and Level Annotations

Branches:
Dungeon (1/1)

Altars:
Cheibriados
Dithmenos
Elyvilon
Fedhas
Gozag
Hepliaklqana
Kikubaaqudgha
Makhleb
Nemelex Xobeh
Okawaru
Qazlal
Ru
Sif Muna
Trog
Uskayaw
Vehumet
Wu Jian
Xom
Yredelemnul
Zin
The Shining One
Beogh
Jiyva
Lugonu


Innate Abilities, Weirdness & Mutations

You are too large for most types of armour.
You have claws for hands.
Your metabolism is lightning-fast.
You like to eat raw meat.
Your natural rate of healing is unusually fast.
You are covered in fur. (AC +1)
You have extremely tough skin. (AC +3)


Message History

An adder, a sky beast, a big kobold, an orc, a centaur and a troll come into view.
The troll shouts!
The big kobold shouts!
The centaur shouts!
The orc shouts!
The adder hisses angrily.
You scratch the troll but do no damage. The troll barely misses you.
The troll misses you. The troll barely misses you.
You claw the troll!
The troll is heavily wounded.
The troll bites you! The troll misses you.
The troll claws you but does no damage.
You closely miss the troll.
The troll is heavily wounded.
The troll bites you!! The troll claws you but does no damage.
The troll claws you!
* * * LOW HITPOINT WARNING * * *
You scratch the troll.
The troll is severely wounded.
The troll bites you!
* * * LOW HITPOINT WARNING * * *
The troll barely misses you. The troll claws you!
You die... ▓▓▓▓▓▓▓▓▓▓▓▓▓▓▓▓▓▓▓▓▓▓▓▓ _______'..|)[[[.@ToYKSc. ▓▓▓▓▓▓▓▓▓▓▓▓▓▓▓▓▓▓▓▓▓▓▓▓

You could see a troll, a sky beast, a big kobold, a centaur, an adder and an orc.

Vanquished Creatures
  A centaur (D)
  2 crimson imps (D)
  A dart slug (D)
  A giant cockroach (D)
  3 hobgoblins (D)
  2 rats (D)
10 creatures vanquished.

Notes
Turn   | Place    | Note
-------+----------+-------------------------------------------
     0 | D        | Lanoc the Troll Monk began the quest for the Orb.
     0 | D        | Reached XP level 1. HP: 22/22 MP: 0/0
    33 | D        | Noticed a centaur
    33 | D        | Noticed a crimson imp
    33 | D        | Noticed a crimson imp
    34 | D        | Reached skill level 4 in Unarmed Combat
    34 | D        | Reached XP level 2. HP: 29/29 MP: 1/1
    51 | D        | Killed a centaur
    51 | D        | Reached skill level 6 in Unarmed Combat
    51 | D        | Reached XP level 3. HP: 17/39 MP: 2/2
    51 | D        | Reached XP level 4. HP: 22/48 MP: 3/3
    52 | D        | Reached skill level 7 in Unarmed Combat
    61 | D        | Reached skill level 8 in Unarmed Combat
    61 | D        | Reached XP level 5. HP: 34/55 MP: 4/4
    68 | D        | Found a roughly hewn altar of Beogh.
    68 | D        | Found a snail-covered altar of Cheibriados.
    68 | D        | Found a shadowy altar of Dithmenos.
    68 | D        | Found a white marble altar of Elyvilon.
    68 | D        | Found a blossoming altar of Fedhas.
    68 | D        | Found an opulent altar of Gozag.
    79 | D        | Found a hazy altar of Hepliaklqana.
    80 | D        | Found a viscous altar of Jiyva.
    81 | D        | Found an ancient bone altar of Kikubaaqudgha.
    82 | D        | Became a worshipper of Cheibriados the Contemplative
    82 | D        | Reached * piety under Cheibriados
    82 | D        | Reached ** piety under Cheibriados
    83 | D        | Found a corrupted altar of Lugonu.
    84 | D        | Found a burning altar of Makhleb.
    85 | D        | Found a sparkling altar of Nemelex Xobeh.
    86 | D        | Found an iron altar of Okawaru.
    87 | D        | Found a stormy altar of Qazlal.
    88 | D        | Found a sacrificial altar of Ru.
    89 | D        | Found a deep blue altar of Sif Muna.
    90 | D        | Found a bloodstained altar of Trog.
    91 | D        | Found a hide-covered altar of Uskayaw.
    92 | D        | Found a radiant altar of Vehumet.
    93 | D        | Found an ornate altar of the Wu Jian Council.
    94 | D        | Found a shimmering altar of Xom.
    95 | D        | Found a basalt altar of Yredelemnul.
    96 | D        | Found a glowing silver altar of Zin.
    97 | D        | Found a glowing golden altar of the Shining One.
   124 | D        | Noticed a troll
   124 | D        | Noticed a sky beast
   124 | D        | Noticed a centaur
   128 | D        | Slain by a troll

Vault maps used:
D:        linesprint

Skill      XL: |  1  2  3  4 |
---------------+-------------+-----
Unarmed Combat | 4 6 8 |  8.0
Fighting       | 4 |  4.9
Dodging        | 4 |  4.9
Stealth        | |  1.0

Action                   |  1- 3 |  4- 6 || total
-------------------------+-------+-------++-------
Melee: Unarmed           |    32 |    10 ||    42
       Punch             |     1 |     1 ||     2
  Use: Potion            |     1 |       ||     1
  Eat: Chunk             |       |     6 ||     6
Armor: Robe              |     5 |     5 ||    10
Dodge: Dodged            |    16 |     7 ||    23

Table legend:
 A = Non-vault XP
 B = Vault XP
 C = Vault XP percentage of total XP
 D = Non-vault monster count
 E = Vault monster count
 F = Vault count percentage of total count
                 A         B        C        D         E       F
            +---------+---------+-------+---------+---------+-------
      Total |       0 |     222 | 100.0 |       0 |      10 | 100.0
            +---------+---------+-------+---------+---------+-------
          D |       0 |     222 | 100.0 |       0 |      10 | 100.0
            +---------+---------+-------+---------+---------+-------
